 Dungeon Crawl Stone Soup version 0.19-a0-14-gde87d98 (webtiles) character file.

79 Grenyer the Twirler (level 4, -1/27 HPs)
             Began as a Gargoyle Gladiator on Apr 29, 2016.
             Slain by a gnoll
             ... wielding a +0 spear
              (6 damage)
             ... on level 2 of the Dungeon.
             The game lasted 00:04:24 (1025 turns).

Grenyer the Twirler (Gargoyle Gladiator)            Turns: 1025, Time: 00:04:24

Health: -1/27      AC:  7    Str: 19    XL:     4   Next: 38%
Magic:  4/4        EV: 12    Int:  8    God:
Gold:   100        SH:  0    Dex: 11    Spells: 0 memorised, 3 levels left

rFire  x . .     SeeInvis .     a - +0 quarterstaff
rCold  + . .     Gourm    .     b - +0 leather armour
rNeg   + . .     Faith    .     (shield currently unavailable)
rPois  ∞         Spirit   .     c - +0 helmet
rElec  +         Dismiss  .     (no cloak)
rCorr  .         Reflect  .     (no gloves)
SustAt .         Harm     .     (no boots)
MR     .....                    (no amulet)
Stlth  +.........               (no ring)
                                i - ring of ice (curse)

@: not resistant to hostile enchantments, very unstealthy
A: negative energy resistance 1, electricity resistance, unbreathing,
petrification resistance, rot immunity, AC +3
a: no special abilities


You were on level 2 of the Dungeon.
You were hungry.

You visited 1 branch of the dungeon, and saw 2 of its levels.

You collected 100 gold pieces.

Inventory:

Hand Weapons
 a - a +0 quarterstaff (weapon)
Missiles
 d - 3 throwing nets (quivered)
 n - 2 javelins
Armour
 b - a +0 leather armour (worn)
 c - a +0 helmet (worn)
Jewellery
 i - a cursed ring of ice (left hand)
Scrolls
 g - 3 scrolls of remove curse {unknown}
 k - 2 scrolls of identify {unknown}
 m - 2 scrolls of teleportation {unknown}
Potions
 e - a potion of ambrosia {unknown}
 h - 2 potions of lignification {unknown}
 j - 2 potions of curing {unknown}
 l - a potion of magic {unknown}
Comestibles
 f - a bread ration


   Skills:
 + Level 2.5 Fighting
 * Level 4.2 Staves
 - Level 1.7 Throwing
 + Level 0.9 Armour
 + Level 3.0 Dodging


You had 3 spell levels left.
You didn't know any spells.

Dungeon Overview and Level Annotations

Branches:
Dungeon (2/15)

Altars:
Yredelemnul


Innate Abilities, Weirdness & Mutations

You are resistant to torment.
Your stone body is resilient (AC +3).
You are immune to poison.
You resist negative energy.
You are resistant to electric shocks.
You can survive without breathing.
You are immune to petrification.
You are immune to rotting.


Message History

You see here a scroll labeled HEDWODYUWN.
m - 2 scrolls labeled HEDWODYUWN (gained 1)
A gnoll comes into view. It is wielding a halberd.
The gnoll shouts!
You hear a shout!
A gnoll comes into view. It is wielding a spear.
The gnoll barely misses you.
You see here a scroll labeled HEMAUSULEPUO.
Something hits the gnoll.
The gnoll closely misses you.
You barely miss the gnoll.
You are feeling hungry.
The gnoll hits you from afar with a halberd!
Ouch! That really hurt!
* * * LOW HITPOINT WARNING * * *
The gnoll hits you but does no damage.
You are too injured to fight recklessly!
You are too injured to fight recklessly!
You are too injured to fight recklessly!
You hit the gnoll but do no damage.
The human hits the gnoll.
The gnoll barely misses you. The gnoll hits you with a spear.
You die...

#.+....##...#
..##.###
###[...##...#
...#
#....#########..#
###'##### #g....
#..†..# #.##)#
#####.# #?##.#
#.# #.g..#
#.######p#
#.#..@gg.#
##.#.######
#..#...##
#...)...#
#.......#
#......#####
#..###.#...#
#..#.'.#._.#
#..###.#...#


You could see 2 gnolls and a neutral human.

Vanquished Creatures
  A gnoll (D:2)
  3 adders (D:2)
  A worm (D:2)
  A dart slug (D:1)
  3 giant geckos
  A ball python (D:1)
  3 giant cockroaches
  2 goblins (D:1)
  3 hobgoblins
  3 jackals (D:2)
  6 kobolds
  2 bats (D:2)
  3 giant newts
  A goblin skeleton (D:2)
  2 rats
35 creatures vanquished.

Notes
Turn   | Place    | Note
--------------------------------------------------------------
     0 | D:1      | Grenyer the Gargoyle Gladiator began the quest for the Orb.
     0 | D:1      | Reached XP level 1. HP: 12/12 MP: 1/1
    86 | D:1      | Reached XP level 2. HP: 18/18 MP: 2/2
   516 | D:2      | Reached XP level 3. HP: 21/22 MP: 3/3
   748 | D:2      | Reached skill level 4 in Staves
   753 | D:2      | Reached XP level 4. HP: 17/27 MP: 4/4
   926 | D:2      | Found a runed door.
   926 | D:2      | Noticed a human
   930 | D:2      | Found a basalt altar of Yredelemnul.
  1025 | D:2      | Slain by a gnoll

Vault maps used:
D:1:      lightli_molten_gateway
D:2:      dk_yredelemnul_ordeal

Skill      XL: |  1  2  3  4 |
---------------+-------------+-----
Staves         | 4 |  4.2
Dodging        | 3 |  3.0
Fighting       | |  2.5
Throwing       | |  1.7
Armour         | |  0.9

Action                   |  1- 3 |  4- 6 || total
-------------------------+-------+-------++-------
Melee: Quarterstaff      |    80 |    17 ||    97
Armor: Leather armour    |    45 |     2 ||    47
Dodge: Dodged            |    68 |     9 ||    77
